 Dungeon Crawl Stone Soup version 0.32-a0-391-gce5c0aab1b (webtiles) character file.

Game seed: 5131651324977740735

53 zenocrate the Sneak (level 3, -3/26 HPs)
             Began as an Octopode Delver on Feb 19, 2024.
             Slain by a gnoll bouda
             ... wielding a +0 whip
              (5 damage)
             ... on level 5 of the Dungeon.
             The game lasted 00:00:29 (136 turns).

zenocrate the Sneak (Octopode Delver)                Turns: 136, Time: 00:00:29

Health: -3/26      AC:  1    Str: 13    XL:     3   Next: 87%
Magic:  3/3        EV: 13    Int: 12    God:
Gold:   0          SH:  0    Dex: 13    Spells: 2/2 levels left

rFire   . .          .
                       - Unarmed
rCold   . . .        (no shield)
rNeg    . . .        (helmet restricted)
rPois   .            (no amulet)
rElec   .            (no ring)
rCorr   .            (no ring)
SInv    .            (no ring)
Will    .....        (no ring)
Stlth   ++++         (no ring)
HPRegen 0.24/turn    (no ring)
MPRegen 0.08/turn    (no ring)
                     (no ring)

%: no passive effects
@: hasted, very quick
A: almost no armour, amphibious, 8 rings, camouflage 1, gelatinous body 1,
(nimble swimmer 1), tentacles
a: no special abilities


You were on level 5 of the Dungeon.
You visited 1 branch of the dungeon, and saw 1 of its levels.

Inventory:

Wands
 e - a wand of digging (3)
Scrolls
 a - a scroll of fog
 b - a scroll of revelation
 c - a scroll of fear


   Skills:
 + Level 3.6 Fighting
 + Level 2.8 Dodging
 - Level 6.6 Stealth
 + Level 2.8 Unarmed Combat


You had 2 spell levels left.
You didn't know any spells.
Your spell library was empty.

Dungeon Overview and Level Annotations

Branches:
Dungeon (5/15)
 Temple: D:4-7

Altars:


Innate Abilities, Weirdness & Mutations

You cannot wear most types of armour.
You are amphibious.
You can wear up to eight rings at the same time.
Your skin changes colour to match your surroundings (Stealth+).
Your rubbery body absorbs attacks. (AC +1, EV +1)
((You are camouflaged when in or above water. (Stealth+)))
You have tentacles for arms and can constrict up to eight enemies at once.


Message History

Unknown command.
You tentacle-slap the gnoll but do no damage.
You grab the gnoll.
You constrict the gnoll, but do no damage.
The gnoll closely misses you. The gnoll hits you with a +0 club.
Unknown command.
You tentacle-slap the gnoll. You grab the gnoll.
The gnoll is lightly wounded.
You constrict the gnoll. x2; The gnoll barely misses you. x2
Unknown command.
Unknown command.
You closely miss the gnoll. Your grab misses the gnoll. You squeeze the gnoll.
You kill the gnoll!
You constrict the gnoll.
You constrict the gnoll, but do no damage.
Unknown command.
You tentacle-slap the gnoll.
The gnoll is moderately wounded.
You constrict the gnoll, but do no damage.
You constrict the gnoll. The gnoll hits you with a +0 club!
* * * LOW HITPOINT WARNING * * *
The gnoll closely misses you.
Unknown command.
Unknown command.
You aren't carrying any potions.
Unknown command.
You tentacle-slap the gnoll. You squeeze the gnoll.
You kill the gnoll!
You constrict the gnoll. The gnoll closely misses you.
Unknown command.
You tentacle-slap the gnoll.
You tentacle-slap the gnoll, but do no damage.
The gnoll is heavily wounded.
You constrict the gnoll.
Unknown command.
You barely miss the gnoll bouda. Your grab misses the gnoll bouda.
You squeeze the gnoll bouda, but do no damage.
You constrict the gnoll. The gnoll closely misses you.
The gnoll bouda hits you with a +0 whip.
You die...

## #.#'#...#+#.#..........
.###...#####...##.........
..'......#......'.........
###......#......##.......#
##.......#.......#.......#
##.......+.......####+####
##.......#.......# .....
###......#....†)##...... #
+......#......@g......
##...#####...##g......
.#+# #+#.# ....... ###
#...... +#...# ####


You could see a gnoll bouda and a gnoll (swift).

Vanquished Creatures
  A hound (D:5)
  2 gnolls (D:5)
  An orc (D:5)
4 creatures vanquished.

Notes
Turn   | Place    | Note
-------+----------+-------------------------------------------
     0 | D:5      | zenocrate the Octopode Delver began the quest for the Orb.
     0 | D:5      | Reached XP level 1. HP: 16/16 MP: 1/1
    19 | D:5      | Noticed an ice beast
    22 | D:5      | Noticed a sleepcap
    38 | D:5      | Noticed a hound
    99 | D:5      | Killed a hound
   100 | D:5      | Reached XP level 2. HP: 16/21 MP: 2/2
   100 | D:5      | Reached XP level 3. HP: 21/26 MP: 3/3
   136 | D:5      | Slain by a gnoll bouda

Illustrated notes

Levels and vault maps discovered:
D:5:      nicolae_cairo_tiling_very_big, layout_loops_ring

Action                     || total
---------------------------++-------
  Melee: Unarmed           ||    20
         Constrict         ||     5
         Tentacles         ||     5
         Punch             ||     1
    Use: Potion            ||     1
   Stab: Sleeping          ||     1
 Armour: Skin              ||    11
  Dodge: Dodged            ||    15

Table legend: (Time is in decaauts)
 A = Elapsed time spent in this place.
 B = Non-inter-level travel time spent in this place.
 C = Inter-level travel time spent in this place.
 D = Time resting spent in this place.
 E = Time spent auto-exploring this place.
 F = Levels seen in this place.
 G = Mean time per level.
                   A        B        C        D        E       F      G
               +--------+--------+--------+--------+--------+-----+--------+
         Total |    132 |    132 |      0 |      0 |     79 |   1 |  132.0 |
       Dungeon |    132 |    132 |      0 |      0 |     79 |   1 |  132.0 |
               +--------+--------+--------+--------+--------+-----+--------+

Top non-repeatable levels by time:
     D:5: 132 daAuts
